 Dungeon Crawl Stone Soup version 0.21.1-1-g345015f (webtiles) character file.

7443 Monsterracer the Quickloader (level 10, -5/51 HPs)
             Began as a Spriggan Hunter on Feb 16, 2018.
             Was an Elder of Okawaru.
             Engulfed by a cloud of flame (23 damage)
             ... in a volcano.
             The game lasted 00:23:44 (12351 turns).

Monsterracer the Quickloader (Spriggan Hunter)     Turns: 12351, Time: 00:23:45

Health: -5/51      AC:  6    Str: 11    XL:     10   Next: 93%
Magic:  14/14      EV: 24    Int: 12    God:    Okawaru [****..]
Gold:   594        SH: 10    Dex: 18    Spells: 7/9 levels left

rFire    . . .     SeeInvis +   b - +2 rapier (holy)
rCold    + . .     Gourm    .   y - +0 buckler
rNeg     + . .     Faith    .   C - +0 steam dragon scales
rPois    .         Spirit   .   i - +1 hat
rElec    .         Reflect  +   (no cloak)
rCorr    .         Harm     .   (gloves unavailable)
MR       +....                  (boots unavailable)
Stlth    ++++......             G - +4 amulet of reflection
HPRegen  0.17/turn              j - ring of positive energy {!d}
MPRegen  0.14/turn              p - ring of protection from cold {!d}

@: very quick
A: very small, unfitting armour, see invisible, herbivore, speed 3, slow
metabolism 2
a: Heroism, Renounce Religion


You were in a volcano.
You worshipped Okawaru.
Okawaru was greatly pleased with you.
You were not hungry.

You visited 3 branches of the dungeon, and saw 11 of its levels.
You also visited: Volcano.

You collected 669 gold pieces.
You spent 75 gold pieces at shops.

Inventory:

Hand Weapons
 a - a +1 hand crossbow
 b - a +2 rapier of holy wrath (weapon)
Missiles
 d - 163 bolts
Armour
 i - a +1 hat (worn)
 x - a +1 robe of magic resistance
 y - a +0 buckler (worn)
 C - +0 steam dragon scales (worn)
Jewellery
 f - an uncursed amulet of regeneration
 j - a ring of positive energy (left hand) {!d}
 p - a ring of protection from cold (right hand) {!d}
 t - an uncursed amulet of rage
 z - an uncursed ring of flight
 G - a +4 amulet of reflection (around neck)
Wands
 A - a wand of scattershot (2)
 E - a wand of enslavement (17)
 F - a wand of flame (41)
Scrolls
 g - 2 scrolls of teleportation
 m - 6 scrolls of remove curse
 s - 2 scrolls of amnesia
 v - a scroll of magic mapping {!r}
 w - a scroll of fear {!r}
 D - a scroll of blinking
Potions
 e - 3 potions of cancellation
 h - 2 potions of mutation {!q}
 k - 4 potions of curing
 l - a potion of brilliance
 n - 2 potions of heal wounds
 o - 3 potions of might
 q - 2 potions of invisibility
 r - a potion of flight {unknown}
 u - 2 potions of resistance
 B - a potion of agility {unknown}
 H - a potion of lignification
 I - a potion of haste {unknown}
Comestibles
 c - 12 rations


   Skills:
 + Level 5.0 Fighting
 * Level 8.8 Short Blades
 * Level 9.2 Crossbows
 + Level 8.7 Dodging
 + Level 9.1 Stealth
 - Level 2.2 Shields
 + Level 4.8 Invocations
 - Level 5.0 Evocations


You had 7 spell levels left.
You knew the following spells:

 Your Spells              Type           Power        Failure   Level  Hunger
e - Blink                 Tloc           N/A          56%         2    ###....


Dungeon Overview and Level Annotations

Branches:
Dungeon (9/15)             Temple (1/1) D:4            Lair (1/6) D:9
    Orc: D:9-12

Altars:
Ashenzari
Cheibriados
Dithmenos
Elyvilon
Fedhas
Gozag
Hepliaklqana
Kikubaaqudgha
Makhleb
Nemelex Xobeh
Okawaru
Qazlal
Ru
Sif Muna
Trog
Uskayaw
Vehumet
Wu Jian
Xom
Yredelemnul
Zin
The Shining One

Shops:
D:6 [   D:7 !


Innate Abilities, Weirdness & Mutations

You are very small and have problems with some larger weapons.
You are too small for most types of armour.
You have supernaturally acute eyesight. (SInv)
You are a herbivore.
You cover ground extremely quickly.
You need consume almost no food.


Message History

You start resting.
You start resting.
You regained 20 hp, and now have 42/51 hp.
The lava snake hisses angrily.
You hit the lava snake.
The lava snake is lightly wounded.
The lava snake spits lava at you. The glob of lava hits you!
* * * LOW HITPOINT WARNING * * *
You take 17 damage, and have 25/51 hp.
MASSIVE DAMAGE!!
You closely miss the lava snake.
The lava snake is lightly wounded.
The lava snake spits lava at you. The glob of lava misses you.
You miss the lava snake.
The lava snake is lightly wounded.
The lava snake misses you.
You hit the lava snake.
The lava snake is moderately wounded.
The lava snake bites you.
* * * LOW HITPOINT WARNING * * *
You are engulfed in flames.
* * * LOW HITPOINT WARNING * * *
You take 3 damage, and have 22/51 hp.
You closely miss the lava snake.
The lava snake is moderately wounded.
You block the lava snake's attack.
You closely miss the lava snake.
The lava snake is moderately wounded.
You block the lava snake's attack. The lava snake spits lava at you.
The glob of lava hits you!
* * * LOW HITPOINT WARNING * * *
You take 17 damage, and have 5/51 hp.
MASSIVE DAMAGE!!
You closely miss the lava snake.
The lava snake is moderately wounded.
You block the lava snake's attack. The lava snake barely misses you.
You barely miss the lava snake.
The lava snake is moderately wounded.
The lava snake completely misses you. The lava snake closely misses you.
You feel much better. The lava snake spits lava at you.
The glob of lava misses you. The lava snake completely misses you.
You regained 24 hp, and now have 29/51 hp.
You gain the combat prowess of a mighty hero.
You block the lava snake's attack. The lava snake misses you.
You now have 12/14 mp.
You miss the lava snake.
The lava snake is moderately wounded.
You completely miss the lava snake.
The lava snake is moderately wounded.
You block the lava snake's attack. The lava snake spits lava at you.
The glob of lava misses you.
You hit the lava snake.
The lava snake is heavily wounded.
You miss the lava snake.
The lava snake is heavily wounded.
You block the lava snake's attack. The lava snake barely misses you.
You puncture the lava snake!
The lava snake is almost dead.
You hit the lava snake.
You kill the lava snake!
Okawaru accepts your kill. The lava snake completely misses you.
Why would you want to do that?
You closely miss the lava snake. You miss the lava snake.
You block the lava snake's attack.
You barely miss the lava snake. You hit the lava snake.
The lava snake is lightly wounded.
The lava snake closely misses you.
You puncture the lava snake!
The lava snake is severely wounded.
You puncture the lava snake!
You kill the lava snake!
Okawaru accepts your kill. Why would you want to do that?
You start resting.
Magic restored.
MP restored: 14 You start resting.
You feel like a meek peon again.
You start resting.
The air gets thick with the scent of sulphur.
You regained 3 hp, and now have 36/51 hp.
You start resting.
The volcano roars to life, belching forth lava!
You start resting.
The air gets thick with the scent of sulphur.
You regained 2 hp, and now have 38/51 hp.
Why would you want to do that?
You start resting.
The volcano roars to life, belching forth lava!
You are engulfed in blazing flames.
* * * LOW HITPOINT WARNING * * *
You take 20 damage, and have 18/51 hp.
MASSIVE DAMAGE!!
You're standing in a cloud of flame!
You are engulfed in blazing flames.
You die...

≈≈.§§≈≈≈≈§§≈≈§..§....#
§≈§§≈≈≈≈....§...#
§§≈§≈§§§§§§§...##
§§§≈≈§§§§§§§....#
§§§§§§§§≈§§§...##
§§§§§§§§§§§§....#
§§§§§§§§§§§§....#
§§§§§..§§§§§....#
§≈§§§§§§@§§§§..###
§§≈≈§≈§§§§§§§....#
.§≈≈§≈≈≈≈≈≈≈§§§≈§§....##
≈≈≈≈§≈≈§§§§§§§§≈§....##
§≈§≈≈≈≈§§§§§§≈.........##
≈≈≈§≈§≈≈§≈≈§§............#
§§≈§≈≈≈≈≈§≈§§≈..........##
≈§§§§§≈§≈≈≈§≈............#
≈≈≈≈≈§§≈≈≈≈§............##


There were no monsters in sight!

Vanquished Creatures
  3 two-headed ogres
  2 hippogriffs
  Sigmund (D:3)
  A fire bat (Volcano)
  Eustachio (D:4)
  A wyvern (D:8)
  A steam dragon (D:7)
  A hungry ghost (D:7)
  3 porcupines
  The ghost of Dioder the Covert, an amateur SpAs (D:4)
  4 orc warriors
  5 ice beasts
  3 black bears
  3 ogres
  4 centaurs
  A big kobold (D:7)
  4 bullfrogs
  The ghost of Dioder the Sneak, an amateur SpAs (D:3)
  2 scorpions (D:9)
  4 killer bees (D:8)
  A howler monkey (D:5)
  3 crimson imps
  A centaur zombie (D:9)
  7 lava snakes (Volcano)
  5 hounds
  5 orc priests
  8 orc wizards
  Jessica (D:2)
  Natasha (thrice) (D:3 D:6)
  6 iguanas
  8 worker ants
  A worker ant zombie (D:5)
  5 adders
  An adder zombie (D:5)
  An adder skeleton (D:9)
  5 worms
  A dart slug (D:1)
  6 leopard geckos
  32 orcs
  10 giant cockroaches
  2 gnoll zombies (D:4)
  5 goblins (D:1)
  4 hobgoblins
  2 jackals (D:7)
  6 quokkas
  2 ball pythons
  4 bats
  2 frilled lizards (D:1)
  A jackal skeleton (D:4)
  11 kobolds
  2 quokka skeletons
  9 rats
  A fungus (D:9)
207 creatures vanquished.

Notes
Turn   | Place    | Note
-------+----------+-------------------------------------------
     0 | D:1      | Monsterracer the Spriggan Hunter began the quest for the Orb.
     0 | D:1      | Reached XP level 1. HP: 10/10 MP: 2/2
   181 | D:1      | Reached XP level 2. HP: 15/15 MP: 3/3
   428 | D:1      | Reached skill level 1 in Short Blades
   888 | D:1      | Reached XP level 3. HP: 12/18 MP: 4/4
  1203 | D:2      | HP: 9/18 [leopard gecko (5)]
  1215 | D:2      | HP: 5/18 [adder (5)]
  1289 | D:2      | HP: 6/18 [orc priest/divine providence (12)]
  1303 | D:2      | Reached XP level 4. HP: 9/23 MP: 5/5
  1677 | D:2      | Noticed Jessica
  1682 | D:2      | HP: 9/23 [Jessica/nerve-wracking pain (14)]
  1686 | D:2      | Killed Jessica
  2295 | D:3      | HP: 11/23 [orc/hand axe (6)]
  2314 | D:3      | HP: 11/23 [orc/hand axe (1)]
  2317 | D:3      | Noticed Dioder's ghost (amateur SpAs)
  2630 | D:3      | HP: 11/23 [Dioder's ghost (5)]
  2632 | D:3      | Killed Dioder's ghost
  2632 | D:3      | Reached skill level 5 in Crossbows
  2632 | D:3      | Reached XP level 5. HP: 12/26 MP: 6/6
  2812 | D:3      | Noticed Natasha
  2829 | D:3      | HP: 12/26 [Natasha/magic dart (8)]
  2837 | D:3      | Killed Natasha
  3178 | D:3      | Noticed Sigmund
  3188 | D:3      | HP: 10/26 [Sigmund/scythe of protection (10)]
  3191 | D:3      | Killed Sigmund
  3191 | D:3      | Reached XP level 6. HP: 13/32 MP: 7/7
  3750 | D:3      | Found a shimmering altar of Xom.
  4182 | D:4      | Noticed Eustachio
  4496 | D:4      | Found a staircase to the Ecumenical Temple.
  4500 | Temple   | Entered the Ecumenical Temple
  4578 | Temple   | Became a worshipper of Warmaster Okawaru
  4684 | D:4      | Found a hide-covered altar of Uskayaw.
  4694 | D:4      | Reached XP level 7. HP: 31/35 MP: 8/8
  4707 | D:4      | Reached skill level 5 in Dodging
  4930 | D:4      | HP: 16/35 [Eustachio/rapier of holy wrath (5)]
  4937 | D:4      | HP: 14/35 [Eustachio/rapier of holy wrath (3)]
  4939 | D:4      | Killed Eustachio
  5347 | D:4      | Noticed Dioder's ghost (amateur SpAs)
  5357 | D:4      | Killed Dioder's ghost
  5357 | D:4      | Reached skill level 1 in Invocations
  5406 | D:4      | Reached skill level 5 in Stealth
  5415 | D:4      | Learned a level 2 spell: Blink
  5445 | D:4      | Found a basalt altar of Yredelemnul.
  6067 | D:5      | Entered Level 5 of the Dungeon
  6093 | D:4      | Reached * piety under Okawaru
  6093 | D:4      | Reached skill level 5 in Short Blades
  6173 | D:4      | Reached XP level 8. HP: 40/40 MP: 10/10
  6380 | D:5      | HP: 12/40 [centaur (9)]
  6380 | D:5      | HP: 5/40 [worm (7)]
  6385 | D:5      | HP: 19/40 [centaur (5)]
  6639 | D:5      | HP: 16/40 [centaur (9)]
  7063 | D:4      | Reached skill level 1 in Evocations
  7198 | D:5      | HP: 20/40 [orc wizard/dagger (4)]
  7204 | D:5      | HP: 17/40 [orc wizard/dagger (4)]
  7667 | D:5      | Got a fine robe
  7678 | D:5      | Identified the cursed +0 robe "Fimylibb" {rC- rCorr Int+5} (You found it on level 5 of the Dungeon)
  7828 | D:6      | Noticed Natasha
  7851 | D:6      | Killed Natasha
  7860 | D:6      | Noticed Natasha
  7939 | D:6      | Killed Natasha
  8001 | D:6      | Reached ** piety under Okawaru
  8256 | D:6      | Found Louro's Armour Emporium.
  8422 | D:6      | Reached XP level 9. HP: 45/45 MP: 12/12
  8573 | D:7      | Found a shadowy altar of Dithmenos.
  8889 | D:7      | HP: 22/45 [steam dragon (4)]
  8896 | D:7      | HP: 8/45 [steam dragon (6)]
  8899 | D:7      | Reached *** piety under Okawaru
  9055 | D:7      | Found a shimmering altar of Xom.
  9101 | D:7      | Found a stormy altar of Qazlal.
  9159 | D:7      | Found Okhitul's Distillery.
  9163 | D:7      | Bought a potion of heal wounds for 75 gold pieces
  9606 | D:8      | Noticed a two-headed ogre
  9618 | D:8      | Killed a two-headed ogre
  9618 | D:8      | Reached skill level 1 in Shields
  9685 | D:8      | Reached XP level 10. HP: 43/51 MP: 14/14
  9698 | D:8      | HP: 24/51 [killer bee (8)]
  9703 | D:8      | HP: 22/51 [poisoned by a killer bee]
  9708 | D:8      | HP: 21/51 [poisoned by a killer bee]
  9713 | D:8      | HP: 21/51 [poisoned by a killer bee]
  9719 | D:8      | HP: 21/51 [poisoned by a killer bee]
  9727 | D:8      | HP: 23/51 [poisoned by a killer bee]
  9912 | D:8      | Reached **** piety under Okawaru
 10307 | D:8      | Noticed a moth of wrath
 10338 | D:8      | Found a bloodstained altar of Trog.
 10477 | D:8      | Noticed a two-headed ogre
 10523 | D:8      | Killed a two-headed ogre
 10584 | D:8      | HP: 21/51 [orc warrior/glaive (16)]
 10591 | D:8      | HP: 12/51 [orc warrior/glaive (8)]
 10678 | D:8      | Found a sparkling altar of Nemelex Xobeh.
 10841 | D:9      | Reached skill level 5 in Evocations
 10972 | D:9      | Received a gift from Okawaru
 10996 | D:9      | Found a staircase to the Lair.
 11112 | D:9      | Found a shadowy altar of Dithmenos.
 11153 | D:9      | Noticed a two-headed ogre
 11193 | D:9      | Killed a two-headed ogre
 11193 | D:9      | Received a gift from Okawaru
 11711 | Lair:1   | Entered Level 1 of the Lair of Beasts
 11757 | Lair:1   | Found a dark tunnel.
 11774 | Volcano  | Entered a volcano
 11804 | Volcano  | Reached skill level 5 in Fighting
 12135 | Volcano  | HP: 11/51 [something (15)]
 12278 | Volcano  | HP: 25/51 [lava snake/glob of lava (17)]
 12283 | Volcano  | HP: 5/51 [lava snake/glob of lava (17)]
 12349 | Volcano  | HP: 17/51 [something (21)]
 12351 | Volcano  | Engulfed by a cloud of flame

Skill      XL: |  1  2  3  4  5  6  7  8  9 10 |
---------------+-------------------------------+-----
Short Blades   | 1 2 3 4 5 6 7 8 |  8.8
Stealth        | 2 3 4 5 6 7 9 |  9.1
Fighting       | 2 3 4 5 |  5.0
Crossbows      | 5 6 7 8 9 |  9.2
Dodging        | 4 5 6 7 8 |  8.7
Invocations    | 1 2 3 4 |  4.8
Evocations     | 2 4 5 |  5.0
Shields        | 1 2 |  2.2

Action                   |  1- 3 |  4- 6 |  7- 9 | 10-12 || total
-------------------------+-------+-------+-------+-------++-------
Melee: Short sword       |    82 |    85 |       |       ||   167
       Rapier            |       |    35 |   264 |   200 ||   499
       Punch             |       |       |     1 |       ||     1
 Fire: Hand crossbow     |    34 |    54 |   144 |   125 ||   357
Invok: Heroism           |       |       |     5 |     3 ||     8
 Abil: Evoke Berserk Rag |       |       |     1 |       ||     1
  Use: Potion            |     2 |       |     2 |     2 ||     6
       Scroll            |       |    12 |     8 |     1 ||    21
 Stab: Sleeping          |     3 |     3 |     6 |     6 ||    18
       Distracted        |       |     1 |       |       ||     1
  Eat: Ration            |       |     1 |     3 |     1 ||     5
Armor: Robe              |     9 |     8 |    27 |       ||    44
       Steam dragon scal |       |       |     9 |    18 ||    27
Dodge: Dodged            |   104 |   100 |   307 |   191 ||   702
Block: Buckler           |       |       |       |    28 ||    28
       Reflection        |       |       |       |     3 ||     3

Vault maps used:
D:1:      dpeg_arrival_tiny_a
D:2:      serial_park_tiny_1, minmay_misc_feat_cross, uniq_jessica
D:3:      minivault_23, hangedman_decor_clover_reticule, xom_teletrap_fun,
          uniq_natasha, uniq_sigmund
D:4:      eat_drink_and_be_merry_uskayaw, lemuel_zombie_altar_yredelemnul,
          minmay_temple_entry_glassed_door, first_ration, grunt_ministairs_14,
          uniq_eustachio
D:6:      serial_shops, shop
D:7:      nicolae_overflow_hidden_temple, nicolae_dithmenos_shadow_blocks,
          grunt_qazlal_sundering, serial_shops, nicolae_shop_crystal
D:8:      nemelex_xobeh_ov_fountains_minmay, tgw_trog, grunt_pizzeria
D:9:      grunt_lair_entry_orc_guard_hut, basic_altar
Temple:   regret_index_temple_waves
Lair:1:   nicolae_volcano_entry_lava_flow, portal_ice_cave_entry_pillars_2
Volcano:  volcano_lake
